[Event "Titled Tuesday Blitz February 21 Late 2023"]
[White "Gurevich, Ilya"]
[Black "Przybylski, Wojciech"]
[WhiteFideId "2000628"]
[BlackFideId "1117599"]
[WhiteElo "2586"]
[BlackElo "2321"]
[Result "0-1"]
[Round "03"]
[TimeControl "180+2"]
[Date "2023.02.21"]
[WhiteClock "0:00:03"]
[BlackClock "0:00:02"]

1. d4 d5 2. c4 e6 3. Nf3 Nf6 4. Nc3 c6 5. Bg5 h6 6. Bxf6 Qxf6 7. e3 Nd7 8. Rc1 g6 9. Bd3 Bg7 10. O-O O-O 11. Qe2 dxc4 12. Bxc4 e5 13. d5 Nb6 14. Bb3 Bg4 15. dxc6 bxc6 16. Ne4 Qf5 17. Nd6 Qh5 18. Rxc6 Rad8 19. e4 Rd7 20. Rfc1 Rfd8 21. Nb5 Rd3 22. R6c3 Bxf3 23. gxf3 Qg5+ 24. Kf1 Rd2 25. Qe3 Qh4 26. R3c2 R2d3 27. Qe1 Qxh2 28. Ke2 Qh3 29. Qh1 Qd7 30. Nc3 h5 31. Nd5 Qb5 32. Ke1 Nxd5 33. Bxd5 Rd7 34. Bc4 Qa5+ 35. Kf1 Rd2 36. Kg2 Rxc2 37. Rxc2 Kh7 38. Qc1 Qd8 39. b3 Bh6 40. Qb2 Qg5+ 41. Kf1 h4 42. Ke2 h3 43. Rc1 h2 44. Rh1 Qg1 45. Qb1 Qxb1 46. Rxb1 Bf4 47. Rh1 Kg7 48. Kf1 f5 49. exf5 gxf5 50. Kg2 Kf6 51. Rb1 Rg7+ 52. Kh1 e4 53. fxe4 fxe4 54. Bd5 Ke5 55. Rd1 Rd7 56. f3 Rxd5 57. Rf1 e3 58. a4 Rd3 59. a5 Rxb3 60. a6 Ra3 61. Re1 Ra5 62. Re2 Rxa6 63. Ra2 Rb6 64. Re2 Kf6 65. Re1 Rb2 66. Re2 Rb1+ 67. Kg2 Rc1 0-1


[Site "https://www.chess.com"]

[Event "Titled Tuesday Blitz February 21 Late 2023"]
[White "Rego, Pedro Filipe"]
[Black "Grigoriants, Sergey"]
[WhiteFideId "1904310"]
[BlackFideId "4130804"]
[WhiteElo "2312"]
[BlackElo "2562"]
[Result "0-1"]
[Round "03"]
[TimeControl "180+2"]
[Date "2023.02.21"]
[WhiteClock "0:00:14"]
[BlackClock "0:00:15"]

1. e4 c5 2. Nf3 Nc6 3. d4 cxd4 4. Nxd4 Nf6 5. Nc3 e5 6. Ndb5 d6 7. Nd5 Nxd5 8. exd5 Ne7 9. c4 Ng6 10. Be3 a6 11. Nc3 Be7 12. Qd2 O-O 13. Bd3 f5 14. f3 h6 15. O-O Bg5 16. Bxg5 hxg5 17. Rac1 Bd7 18. b4 Qb6+ 19. Kh1 Qxb4 20. Qxg5 Rf6 21. Ne2 Qc5 22. Ng3 Ne7 23. Nh5 Rf7 24. Rb1 b6 25. g4 Raf8 26. gxf5 Bxf5 27. Rg1 Bxd3 28. Nxg7 Bg6 29. Ne6 Qxc4 30. Nxf8 Kxf8 31. Rbc1 Qxd5 32. Rc7 Qxf3+ 33. Rg2 Qf1+ 34. Rg1 Be4+ 0-1


[Site "https://www.chess.com"]

[Event "Titled Tuesday Blitz February 21 Late 2023"]
[White "Domingo Nunez, Ruben"]
[Black "Jarocka, Liwia"]
[WhiteFideId "22245570"]
[BlackFideId "21807558"]
[WhiteElo "2416"]
[BlackElo "2225"]
[Result "1-0"]
[Round "03"]
[TimeControl "180+2"]
[Date "2023.02.21"]
[WhiteClock "0:01:51"]
[BlackClock "0:00:34"]

1. e4 c5 2. d4 cxd4 3. c3 dxc3 4. Nxc3 Nc6 5. Nf3 e6 6. Bc4 Bb4 7. O-O Nge7 8. Nb5 O-O 9. Bf4 d5 10. Nc7 Ng6 11. Bg3 Rb8 12. exd5 exd5 13. Nxd5 Bd6 14. Nf6+ Qxf6 15. Qxd6 Be6 16. Bxe6 fxe6 17. Qd7 Rbc8 18. Qxb7 e5 19. Rfe1 Rfe8 20. Rac1 Kh8 21. h4 e4 22. Rxe4 1-0


[Site "https://www.chess.com"]

[Event "Titled Tuesday Blitz February 21 Late 2023"]
[White "Roman, Rodrigo"]
[Black "Antonios, Johnny"]
[WhiteFideId "3701220"]
[BlackFideId "5300843"]
[WhiteElo "2058"]
[BlackElo "2269"]
[Result "0-1"]
[Round "03"]
[TimeControl "180+2"]
[Date "2023.02.21"]
[WhiteClock "0:00:22"]
[BlackClock "0:01:46"]

1. e4 e5 2. Nf3 d6 3. d4 Nf6 4. Nc3 Nbd7 5. Rg1 c6 6. g4 g6 7. Be3 Qa5 8. Qd2 Bg7 9. dxe5 Nxe5 10. Nxe5 dxe5 11. g5 Ng4 12. h3 Nxe3 13. Qxe3 h6 14. h4 hxg5 15. hxg5 Qb6 16. Qxb6 axb6 17. O-O-O b5 18. a3 Be6 19. f3 Bf8 20. Nb1 Bc5 21. Rg2 Rh5 22. Re1 Ke7 23. b4 Bb6 24. Kb2 Rah8 25. Nd2 Bh3 26. Rg3 Bf2 27. Rxh3 Rxh3 28. Bxh3 Bxe1 0-1


[Site "https://www.chess.com"]

[Event "Titled Tuesday Blitz February 21 Late 2023"]
[White "Yeritsyan, Hayk"]
[Black "Fajdetic, Hrvoje"]
[WhiteFideId "13307320"]
[BlackFideId "14501945"]
[WhiteElo "2241"]
[BlackElo "2151"]
[Result "1-0"]
[Round "03"]
[TimeControl "180+2"]
[Date "2023.02.21"]
[WhiteClock "0:00:54"]
[BlackClock "0:00:01"]

1. d4 Nf6 2. Nf3 b6 3. Bf4 Bb7 4. e3 e6 5. Bd3 Ne4 6. Nbd2 f5 7. h3 Bd6 8. Bxd6 cxd6 9. O-O O-O 10. c4 Nxd2 11. Nxd2 Qg5 12. Nf3 Qh5 13. Be2 Qh6 14. Nd2 Nc6 15. Bf3 e5 16. Bd5+ Kh8 17. Nf3 e4 18. Nd2 Na5 19. b4 Bxd5 20. cxd5 Nb7 21. Rc1 f4 22. exf4 Qxf4 23. Qe2 Rac8 24. Qe3 Qxe3 25. fxe3 Rxf1+ 26. Rxf1 Kg8 27. Nxe4 a5 28. bxa5 Nxa5 29. Nxd6 Rc2 30. Rf2 Rc3 31. e4 Rd3 32. Rb2 Rxd4 33. Rxb6 h5 34. Ra6 Nc4 35. Nxc4 Rxc4 36. e5 Re4 37. e6 dxe6 38. Rxe6 Ra4 39. Re2 Rd4 40. Re8+ Kf7 41. Ra8 Rxd5 42. a4 Rd2 43. a5 Ra2 44. a6 h4 45. a7 Kg6 46. Kf1 Kg5 47. Ke1 g6 48. Kd1 1-0


[Site "https://www.chess.com"]

[Event "Titled Tuesday Blitz February 21 Late 2023"]
[White "Rottenwohrer Suarez, Juan"]
[Black "Cheng, Xiao"]
[WhiteFideId "32068182"]
[BlackFideId "2022915"]
[WhiteElo "2265"]
[BlackElo "2288"]
[Result "1-0"]
[Round "03"]
[TimeControl "180+2"]
[Date "2023.02.21"]
[WhiteClock "0:00:07"]
[BlackClock "0:00:26"]

1. Nf3 Nf6 2. g3 d5 3. Bg2 Nc6 4. O-O e5 5. c4 e4 6. Ng5 h6 7. cxd5 hxg5 8. dxc6 bxc6 9. Nc3 Bf5 10. Qa4 Qd7 11. Nxe4 Nd5 12. Nc3 Bh3 13. Bxd5 cxd5 14. Qxd7+ Kxd7 15. Re1 c6 16. d3 f6 17. Na4 Rb8 18. Be3 Rb4 19. b3 d4 20. Bd2 Rb5 21. Rac1 Ba3 22. Rc4 c5 23. Bc1 Bb4 24. Rd1 Be6 25. Rc2 Kd6 26. Nb2 g4 27. Nc4+ Ke7 28. Bd2 g6 29. Bxb4 Rxb4 30. Na5 Kd6 31. Rdc1 Rh5 32. Nc4+ Bxc4 33. Rxc4 Rb7 34. Ra4 Rbh7 35. Ra6+ Kd5 36. h4 gxh3 37. Kh2 Rf5 38. f4 g5 39. Ra5 Kc6 40. b4 Kb6 41. Raxc5 Rxc5 42. Rxc5 gxf4 43. gxf4 Re7 44. Rc2 Re3 45. a4 f5 46. b5 Ka5 47. Rc7 Kb6 48. Rc6+ Kb7 49. Rf6 Rxe2+ 50. Kxh3 Re3+ 51. Kh4 Rxd3 52. Rxf5 Ra3 53. Rf7+ Kb6 54. Rf6+ Kc5 55. Ra6 Rf3 56. Kg4 Rf1 57. Rxa7 Rg1+ 58. Kf5 d3 59. Rc7+ Kd6 60. Rc8 Kd7 61. Rc4 Ke7 62. Rd4 Ra1 63. Rxd3 Rxa4 64. Rd5 Rb4 65. Ke5 Kf7 66. f5 Rb1 67. Rc5 Re1+ 68. Kd6 Rd1+ 69. Kc6 Kf6 70. b6 Rb1 71. b7 Ke7 72. Kc7 Kf6 73. b8=Q Rxb8 74. Kxb8 Ke7 75. Kc7 Ke8 76. Kd6 Kf7 77. Ke5 Ke7 78. Rc7+ Kd8 79. Rh7 Kc8 80. f6 Kd8 81. Kd6 Ke8 82. Ra7 Kf8 83. Ke6 Kg8 84. f7+ Kg7 85. Ke7 Kg6 86. f8=N+ Kh5 87. Ne6 Kh6 88. Rd7 Kg6 89. Rd6 Kf5 90. Nc7 Ke5 91. Ne8 Kf5 92. Re6 Kg5 93. Rf6 Kh5 94. Kf7 Kg5 95. Nd6 Kg4 96. Ke6 Kh5 97. Kf5 Kh4 98. Rg6 Kh5 99. Ne4 Kh4 100. Kf4 Kh5 101. Rg5+ Kh6 102. Kf5 Kh7 103. Kf6 Kh6 104. Nd6 Kh7 105. Rg6 Kh8 106. Nf7+ Kh7 107. Rg7# 1-0


[Site "https://www.chess.com"]

[Event "Titled Tuesday Blitz February 21 Late 2023"]
[White "Stanisz, Patryk"]
[Black "Ezat, Mohamed"]
[WhiteFideId "1123106"]
[BlackFideId "10600906"]
[WhiteElo "2161"]
[BlackElo "2402"]
[Result "0-1"]
[Round "03"]
[TimeControl "180+2"]
[Date "2023.02.21"]
[WhiteClock "0:00:26"]
[BlackClock "0:01:50"]

1. d4 Nf6 2. c4 g6 3. Nc3 Bg7 4. e4 d6 5. Be2 O-O 6. g4 c5 7. d5 a6 8. a4 e6 9. g5 Ne8 10. h4 Nc7 11. h5 Re8 12. hxg6 hxg6 13. Be3 exd5 14. exd5 Nd7 15. Nf3 Ne5 16. Qd2 Rb8 17. Nxe5 Rxe5 18. O-O-O b5 19. cxb5 axb5 20. Bxb5 Nxb5 21. Nxb5 Bd7 22. Nc3 Qa5 23. Bf4 Bxa4 24. Bxe5 Bxe5 25. f4 Bg7 26. f5 Bxd1 27. f6 Bf3 28. fxg7 Qa1+ 29. Nb1 Be4 0-1


[Site "https://www.chess.com"]

[Event "Titled Tuesday Blitz February 21 Late 2023"]
[White "Hernandez Sanchez, Elvis De La Caridad"]
[Black "Eckert, Doug"]
[WhiteFideId "6400353"]
[BlackFideId "2001993"]
[WhiteElo "2243"]
[BlackElo "2075"]
[Result "1-0"]
[Round "03"]
[TimeControl "180+2"]
[Date "2023.02.21"]
[WhiteClock "0:00:31"]
[BlackClock "0:00:15"]

1. e4 e5 2. Nf3 Nc6 3. Bc4 Bc5 4. d3 Nf6 5. Bg5 h6 6. Bh4 g5 7. Bg3 d6 8. Nc3 Be6 9. Nd5 Bxd5 10. exd5 Nd4 11. Nxd4 Bxd4 12. Bb5+ Kf8 13. c3 Bb6 14. Bc4 Kg7 15. Qe2 c6 16. dxc6 bxc6 17. O-O-O Qe7 18. Kb1 Nd7 19. h4 Rae8 20. Bb3 d5 21. Bc2 Qf6 22. hxg5 hxg5 23. Qg4 Qe7 24. Qf5 Rxh1 25. Rxh1 Rh8 26. Re1 Re8 27. f3 f6 28. d4 Qe6 29. Qg6+ Kf8 30. Bf5 Qe7 31. Rh1 1-0


[Site "https://www.chess.com"]

[Event "Titled Tuesday Blitz February 21 Late 2023"]
[White "Garrido, Denis"]
[Black "Prydun, Andriy"]
[WhiteFideId "601217"]
[BlackFideId "14145898"]
[WhiteElo "2205"]
[BlackElo "2134"]
[Result "0-1"]
[Round "03"]
[TimeControl "180+2"]
[Date "2023.02.21"]
[WhiteClock "0:00:02"]
[BlackClock "0:00:03"]

1. c4 Nf6 2. Nc3 c5 3. Nf3 Nc6 4. e3 e6 5. d4 cxd4 6. exd4 d5 7. c5 Be7 8. Bd3 O-O 9. a3 a5 10. O-O b6 11. Be3 bxc5 12. dxc5 e5 13. Bb5 Nd4 14. Nxd4 exd4 15. Bxd4 Qc7 16. Rc1 Be6 17. Qf3 a4 18. Nxa4 Ne4 19. b4 f5 20. Rfd1 Bg5 21. Rc2 Bf4 22. g3 Bh6 23. Nb6 Ra7 24. Bb2 f4 25. Nxd5 Bxd5 26. Rxd5 Ng5 27. Qb3 Kh8 28. g4 f3 29. Qc4 Nh3+ 30. Kf1 Qxh2 31. Ke1 Qg1+ 32. Qf1 Re7+ 33. Re5 Rxe5+ 34. Bxe5 Re8 35. Bxe8 Qxg4 36. Bc6 Qe6 37. Qxh3 Qxh3 38. Bxf3 Qxf3 39. c6 Qe4+ 40. Kf1 Qxc2 41. c7 Qc6 0-1


[Site "https://www.chess.com"]

[Event "Titled Tuesday Blitz February 21 Late 2023"]
[White "Oliveira, Tiago Batista"]
[Black "Fernandez Garcia, Gumersindo"]
[WhiteFideId "2108291"]
[BlackFideId "24516740"]
[WhiteElo "1991"]
[BlackElo "2160"]
[Result "0-1"]
[Round "03"]
[TimeControl "180+2"]
[Date "2023.02.21"]
[WhiteClock "0:00:11"]
[BlackClock "0:01:08"]

1. d4 Nf6 2. c4 e6 3. Nf3 b6 4. g3 Bb7 5. Bg2 Bb4+ 6. Bd2 Bxd2+ 7. Nbxd2 O-O 8. O-O d6 9. Qc2 Nbd7 10. e4 e5 11. Rfd1 exd4 12. Nxd4 Re8 13. b4 a5 14. a3 axb4 15. axb4 Rxa1 16. Rxa1 Ne5 17. h3 c5 18. Nb5 cxb4 19. f4 Nc6 20. Qd3 Re6 21. Nb3 Nd7 22. N3d4 Nxd4 23. Nxd4 Rg6 24. Nf5 Nc5 25. Qb1 b3 26. Ra7 h5 27. Kh2 Qb8 28. Ne7+ Kh7 29. Rxb7 Qxb7 30. Nxg6 fxg6 31. e5 Qe7 32. exd6 Qxd6 33. f5 gxf5 34. Qxf5+ Qg6 35. Qf8 b2 36. Bd5 Qc2+ 0-1


[Site "https://www.chess.com"]

[Event "Titled Tuesday Blitz February 21 Late 2023"]
[White "Coelho, Ramyres Santana"]
[Black "Gamboa, Juan Pablo"]
[WhiteFideId "2120690"]
[BlackFideId "105180"]
[WhiteElo "1981"]
[BlackElo "2224"]
[Result "1-0"]
[Round "03"]
[TimeControl "180+2"]
[Date "2023.02.21"]
[WhiteClock "0:00:45"]
[BlackClock "0:00:40"]

1. e4 e6 2. d4 d5 3. Nc3 Bb4 4. e5 Ne7 5. a3 Bxc3+ 6. bxc3 c5 7. Qg4 O-O 8. Nf3 f5 9. exf6 Rxf6 10. Ne5 Nbc6 11. Bd3 c4 12. Be2 Nxe5 13. dxe5 Rf5 14. f4 d4 15. Bxc4 dxc3 16. Bd3 Qd4 17. Bxf5 exf5 18. Qe2 Nd5 19. Qd3 Qxd3 20. cxd3 b6 21. O-O Ba6 22. Rd1 c2 23. Rd2 Ne3 24. Re2 Ng4 25. Rxc2 Bxd3 26. Rc7 Rd8 27. Bb2 Be4 28. e6 Nf6 29. Bxf6 gxf6 30. e7 Re8 31. Rxa7 Kf7 32. Rc1 Rxe7 33. Rxe7+ Kxe7 34. Rc7+ Kd6 35. Rxh7 b5 36. Rf7 Kc5 37. Rxf6 Kc4 38. Ra6 Kb3 39. Ra7 Bd3 40. h4 Be2 41. Kf2 Bg4 42. Ke3 b4 43. axb4 Kxb4 44. Kd4 Kb5 45. Ke5 Kc4 46. Rg7 Kd3 47. Rxg4 fxg4 48. Kf5 g3 49. Kg4 Ke4 50. Kxg3 Kf5 51. Kf3 Kg6 52. g4 Kh6 53. h5 Kh7 54. Ke4 Kh6 55. Kf5 Kg7 56. Kg5 Kh7 57. h6 Kh8 58. Kg6 Kg8 59. f5 Kh8 60. f6 Kg8 61. f7+ Kf8 62. h7 1-0


[Site "https://www.chess.com"]

[Event "Titled Tuesday Blitz February 21 Late 2023"]
[White "Gamage, Wanshini Vidusama"]
[Black "Aradhya, Garg"]
[WhiteFideId "9953752"]
[BlackFideId "25006746"]
[WhiteElo "1089"]
[BlackElo "2284"]
[Result "0-1"]
[Round "03"]
[TimeControl "180+2"]
[Date "2023.02.21"]
[WhiteClock "0:00:01"]
[BlackClock "0:00:37"]

1. e4 e5 2. Nf3 Nc6 3. Bb5 a6 4. Ba4 Nge7 5. Nc3 d6 6. O-O Bd7 7. Re1 b5 8. Bb3 Na5 9. d4 Nxb3 10. axb3 Ng6 11. Bg5 f6 12. Be3 Be7 13. b4 O-O 14. Ra5 Bc6 15. d5 Bb7 16. g3 Qd7 17. h4 Bd8 18. Ra3 f5 19. Bg5 f4 20. Bxd8 Qxd8 21. Nh2 fxg3 22. fxg3 Nxh4 23. gxh4 Qxh4 24. Rf1 Rxf1+ 25. Qxf1 Rf8 26. Qg2 Qe1+ 27. Nf1 Rf6 28. Ne2 Qxb4 29. Rg3 g6 30. b3 Qc5+ 31. Kh2 Qxc2 32. Rf3 Rxf3 33. Qxf3 a5 34. Ne3 Qxb3 35. Qf2 Bc8 36. Ng1 Qd3 37. Qf3 a4 38. Nh3 Bxh3 39. Qxh3 Qxe4 40. Qe6+ Kg7 41. Ng4 Qf4+ 42. Kh3 Qf3+ 43. Kh2 Qf7 44. Qc8 h5 0-1


[Site "https://www.chess.com"]

[Event "Titled Tuesday Blitz February 21 Late 2023"]
[White "Adewumi, Tanitoluwa"]
[Black "Stachanczyk, Jacek"]
[WhiteFideId "30966396"]
[BlackFideId "1116657"]
[WhiteElo "2283"]
[BlackElo "2147"]
[Result "1-0"]
[Round "03"]
[TimeControl "180+2"]
[Date "2023.02.21"]
[WhiteClock "0:00:33"]
[BlackClock "0:00:12"]

1. e4 c5 2. Nf3 d6 3. Bb5+ Bd7 4. Bxd7+ Qxd7 5. c4 Nf6 6. Nc3 g6 7. d4 cxd4 8. Nxd4 Bg7 9. f3 O-O 10. Be3 Rc8 11. b3 a6 12. Na4 Qc7 13. O-O Nbd7 14. Rc1 Qa5 15. Bd2 Qh5 16. Be3 b5 17. cxb5 axb5 18. Nc3 b4 19. Na4 Nc5 20. Nb6 Rcb8 21. Nxa8 Rxa8 22. Nc6 Kf8 23. Nxb4 Nfd7 24. Nd5 Rxa2 25. b4 Ne6 26. Rc8+ 1-0


[Site "https://www.chess.com"]

[Event "Titled Tuesday Blitz February 21 Late 2023"]
[White "Cori T., Deysi"]
[Black "Radulovic, Bojan"]
[WhiteFideId "3801934"]
[BlackFideId "14508486"]
[WhiteElo "2362"]
[BlackElo "2119"]
[Result "1-0"]
[Round "03"]
[TimeControl "180+2"]
[Date "2023.02.21"]
[WhiteClock "0:01:43"]
[BlackClock "0:01:07"]

1. Nf3 d5 2. g3 Nf6 3. Bg2 c5 4. O-O Nc6 5. d4 cxd4 6. Nxd4 e6 7. c4 Be7 8. Nc3 Nxd4 9. Qxd4 dxc4 10. Qxc4 O-O 11. Rd1 Qa5 12. Qb5 Qxb5 13. Nxb5 Bd7 14. Nd4 Nd5 15. e4 Nb4 16. a3 Nc6 17. Nb5 Rfd8 18. Bf4 a6 19. Nd6 e5 20. Be3 Rab8 21. Bb6 Rf8 22. Bc7 Ra8 23. Nxb7 Be6 24. Bd6 Bxd6 25. Nxd6 Rab8 26. b4 a5 27. b5 Nd4 28. a4 Rfd8 29. Nf5 Nxf5 30. exf5 Bxf5 31. Bc6 Rxd1+ 32. Rxd1 Bc2 33. Ra1 Kf8 34. Ra2 Bb3 35. Ra3 Bc2 36. f3 Ke7 37. Kf2 Kd6 38. Ke3 Kc7 39. Kd2 Bf5 40. Rc3 Rd8+ 41. Ke3 Kb6 42. g4 Be6 43. Be4 Rd6 44. Bxh7 g6 45. h4 Bd7 46. h5 gxh5 47. gxh5 Rh6 48. Bg8 Rxh5 49. Bxf7 Rh4 50. Rc4 Rxc4 51. Bxc4 Kc5 52. Bb3 Kb4 53. Bd1 Bf5 54. b6 Bc8 55. Ke4 Kc5 56. Kxe5 Kxb6 57. Kd6 Bb7 58. f4 Be4 59. Bb3 Bd3 60. Be6 Bc2 61. Bd7 Bd3 62. f5 Kb7 63. f6 Bg6 64. Be6 Kb6 65. f7 Bxf7 66. Bxf7 Ka6 1-0


[Site "https://www.chess.com"]

[Event "Titled Tuesday Blitz February 21 Late 2023"]
[White "Petrovic, Aleksa"]
[Black "Arvelo Leo, Gian Carlo"]
[WhiteFideId "967629"]
[BlackFideId "6402720"]
[WhiteElo "2332"]
[BlackElo "2075"]
[Result "1/2-1/2"]
[Round "03"]
[TimeControl "180+2"]
[Date "2023.02.21"]
[WhiteClock "0:00:10"]
[BlackClock "0:00:33"]

1. d4 Nf6 2. c4 g6 3. f3 Bg7 4. e4 d6 5. Nc3 O-O 6. Nge2 c5 7. d5 e6 8. Ng3 exd5 9. cxd5 Nbd7 10. Be2 h5 11. Bg5 Qb6 12. Qd2 Nh7 13. Bf4 h4 14. Nf1 Ne5 15. Ne3 g5 16. Bxe5 Bxe5 17. Nc4 Qd8 18. Nxe5 dxe5 19. O-O-O a6 20. g3 h3 21. f4 Qd6 22. fxg5 b5 23. Rdf1 b4 24. Nd1 c4 25. Bxc4 Bd7 26. Kb1 Rfc8 27. Bd3 Bb5 28. Ne3 b3 29. a3 Qg6 30. Nf5 Qxg5 31. Qxg5+ Nxg5 32. Bxb5 axb5 33. Ne7+ Kg7 34. Nxc8 Rxc8 35. Rc1 Rb8 36. Rhe1 b4 37. a4 Nf3 38. Re2 Nd4 39. Re3 Ra8 40. g4 Rxa4 41. Rxh3 Kg6 42. Rd3 Ra6 43. Rcd1 Kg5 44. Rxd4 exd4 45. Rxd4 Kxg4 46. d6 Ra8 47. Rxb4 Rd8 48. Rd4 Kf4 49. Kc1 Ke5 50. Rd3 Kxe4 51. Rxb3 Rxd6 52. Rh3 f5 53. Kc2 f4 54. b4 f3 55. Rh4+ Ke3 56. Rh7 Rf6 57. Re7+ Kf4 58. Re1 f2 59. Rf1 Ke3 60. Kc3 Ke2 61. Rxf2+ Kxf2 62. Kc4 Ke3 63. Kc5 Kd3 64. b5 Ke4 65. b6 Rf8 66. b7 Kf4 67. Kc6 Kg4 68. Kc7 Kh3 69. b8=R Rxb8 70. Kxb8 Kxh2 1/2-1/2


[Site "https://www.chess.com"]

[Event "Titled Tuesday Blitz February 21 Late 2023"]
[White "Comas Fabrego, Lluis"]
[Black "Womacka, Mathias"]
[WhiteFideId "2200325"]
[BlackFideId "4611390"]
[WhiteElo "2424"]
[BlackElo "2396"]
[Result "0-1"]
[Round "03"]
[TimeControl "180+2"]
[Date "2023.02.21"]
[WhiteClock "0:00:11"]
[BlackClock "0:00:41"]

1. Nf3 c5 2. c4 Nf6 3. Nc3 e6 4. d4 cxd4 5. Nxd4 Bb4 6. g3 O-O 7. Bg2 d5 8. O-O dxc4 9. a3 Bxc3 10. bxc3 e5 11. Nb5 Qb6 12. a4 Rd8 13. Qc2 Nc6 14. Be3 Qa5 15. Bg5 Be6 16. Bxf6 gxf6 17. Be4 a6 18. Bxh7+ Kg7 19. Na3 Rh8 20. Be4 Bd5 21. Rfd1 Bxe4 22. Qxe4 Qxc3 23. Qg4+ Kf8 24. Nxc4 Nd4 25. e3 f5 0-1


[Site "https://www.chess.com"]

[Event "Titled Tuesday Blitz February 21 Late 2023"]
[White "Bon, Michael"]
[Black "Chabris, Christopher"]
[WhiteFideId "620696"]
[BlackFideId "2005263"]
[WhiteElo "2394"]
[BlackElo "2053"]
[Result "1-0"]
[Round "03"]
[TimeControl "180+2"]
[Date "2023.02.21"]
[WhiteClock "0:01:28"]
[BlackClock "0:00:20"]

1. e4 c5 2. Nf3 d6 3. d4 cxd4 4. Nxd4 Nf6 5. Nc3 a6 6. Bg5 e6 7. f4 h6 8. Bh4 Qb6 9. a3 Be7 10. Bf2 Qc7 11. Qf3 Nc6 12. O-O-O Bd7 13. g4 Nxd4 14. Rxd4 e5 15. Rc4 Qa5 16. f5 b5 17. Rb4 d5 18. exd5 Bxb4 19. axb4 Qa1+ 20. Nb1 e4 21. Qf4 O-O 22. g5 Nxd5 23. Qe5 Nxb4 24. gxh6 f6 25. Qe7 Na2+ 26. Kd2 Rf7 27. h7+ Kh8 28. Qxf7 Qxb1 29. Bc4 Be6 30. Bxe6 Rd8+ 31. Ke3 Rd3+ 32. Kxe4 Qxh1+ 33. Kxd3 Qd1+ 34. Ke3 Qc1+ 35. Kf3 Qh1+ 36. Kg3 1-0


[Site "https://www.chess.com"]

[Event "Titled Tuesday Blitz February 21 Late 2023"]
[White "Kleiman, Jake"]
[Black "Huang, Alex"]
[WhiteFideId "2020041"]
[BlackFideId "4302508"]
[WhiteElo "2399"]
[BlackElo "2009"]
[Result "1-0"]
[Round "03"]
[TimeControl "180+2"]
[Date "2023.02.21"]
[WhiteClock "0:02:18"]
[BlackClock "0:01:03"]

1. h4 e5 2. c4 Nc6 3. Nc3 h5 4. g3 g6 5. d3 Bg7 6. Bg2 d6 7. Rb1 a5 8. a3 Nge7 9. Bd2 O-O 10. Qc1 Re8 11. Bh6 Bh8 12. b4 Nf5 13. Bg5 f6 14. Bd2 axb4 15. axb4 Be6 16. Nd5 Qd7 17. e3 Ra2 18. Ne2 Rea8 19. Nec3 R2a3 20. Nb5 Rxd3 21. Nbxc7 Ra2 22. Rb2 Rxb2 23. Qxb2 Bg7 24. Nxe6 Qxe6 25. Be4 1-0


[Site "https://www.chess.com"]

[Event "Titled Tuesday Blitz February 21 Late 2023"]
[White "ArturoCaceres"]
[Black "Ardila, Oscar Humberto"]
[BlackFideId "4404742"]
[WhiteElo "2405"]
[BlackElo "1982"]
[Result "0-1"]
[Round "03"]
[TimeControl "180+2"]
[Date "2023.02.21"]
[WhiteClock "0:00:03"]
[BlackClock "0:00:07"]

1. b3 Nf6 2. Bb2 e6 3. Nf3 Be7 4. e3 O-O 5. Be2 d6 6. O-O Nbd7 7. d4 b6 8. Nbd2 Bb7 9. Bd3 Rc8 10. c4 c5 11. Re1 Qc7 12. Bb1 Rfe8 13. Qc2 Nf8 14. a4 Ng6 15. h4 a6 16. Bc3 cxd4 17. exd4 d5 18. Ne5 Nxh4 19. Re3 dxc4 20. bxc4 Ng6 21. Rg3 Bd6 22. Rh3 Bxe5 23. dxe5 Qc6 24. Rg3 Nh5 25. Rg4 Nhf4 26. f3 Qc5+ 27. Kh2 Ne2 28. Ba2 Nxc3 29. Qxc3 Qxe5+ 30. Qxe5 Nxe5 31. Rd4 Red8 32. Rxd8+ Rxd8 33. Nf1 Kf8 34. Rb1 Rd6 35. c5 Rc6 36. Ne3 Rxc5 37. Rxb6 Bd5 38. Bxd5 exd5 39. Nf5 Rc8 40. Rxa6 g6 41. Nd4 Rd8 42. Rb6 Kg7 43. a5 Ra8 44. a6 Nc4 45. Rc6 Ne5 46. Rd6 Nc4 47. Rxd5 Rxa6 48. Rc5 Ne3 49. g4 Ra2+ 50. Kg3 Nf1+ 51. Kf4 h6 52. g5 hxg5+ 53. Rxg5 Nd2 54. Nf5+ Kf6 55. Ng3 Ra4+ 56. Ke3 Kxg5 57. Kxd2 Kf4 58. Ne2+ Kxf3 59. Nc3 Ra3 60. Nd5 Kg4 61. Nf6+ Kg3 62. Ne4+ Kf4 63. Nd6 f5 64. Ke2 g5 65. Kf2 Ra2+ 66. Kg1 Kf3 67. Nxf5 g4 68. Nh4+ Kf4 69. Ng6+ Kg5 70. Ne5 Kf4 71. Ng6+ Kg3 72. Kf1 Ra1+ 73. Ke2 Kh2 74. Nh4 g3 75. Kf3 Ra3+ 76. Ke2 g2 77. Nf5 g1=Q 78. Nd6 Ra2+ 79. Kd3 Qb1+ 80. Kc3 Rc2+ 81. Kd4 Qd1+ 82. Ke4 Re2+ 83. Kf5 Qf1+ 84. Kg6 Rg2+ 85. Kh6 Qf6+ 0-1


[Site "https://www.chess.com"]

[Event "Titled Tuesday Blitz February 21 Late 2023"]
[White "De Souza, Cristiano Gomes"]
[Black "Pein, Jonathan"]
[WhiteFideId "2151758"]
[BlackFideId "417092"]
[WhiteElo "2018"]
[BlackElo "2265"]
[Result "1-0"]
[Round "03"]
[TimeControl "180+2"]
[Date "2023.02.21"]
[WhiteClock "0:02:06"]
[BlackClock "0:01:41"]

1. d3 f5 2. Nf3 d6 3. g3 g6 4. Bg2 Bg7 5. O-O e5 6. Bd2 Nf6 7. Bc3 O-O 8. Nbd2 Nbd7 9. e4 Nc5 10. b3 fxe4 11. dxe4 Nfxe4 12. Nxe4 Nxe4 13. Qd5+ Kh8 14. Qxe4 d5 15. Qe1 d4 16. Bb2 Qf6 17. Nd2 Bf5 18. Bxb7 Rae8 19. Be4 Bh3 20. Bg2 Bxg2 21. Kxg2 e4 22. Qe2 c5 23. Rae1 Qc6 24. Nxe4 Kg8 25. f3 Bh6 26. Qc4+ Rf7 27. Bxd4 Qd7 28. Nf6+ Kf8 29. Nxd7+ Rxd7 30. Bxc5+ 1-0


[Site "https://www.chess.com"]

[Event "Titled Tuesday Blitz February 21 Late 2023"]
[White "Mendez Machado, Andre"]
[Black "Le Goff, Ronan"]
[WhiteFideId "6603793"]
[BlackFideId "612073"]
[WhiteElo "1974"]
[BlackElo "2320"]
[Result "1-0"]
[Round "03"]
[TimeControl "180+2"]
[Date "2023.02.21"]
[WhiteClock "0:00:49"]
[BlackClock "0:01:14"]

1. e4 e5 2. Nf3 Nc6 3. Bc4 Nf6 4. Ng5 Bc5 5. Nxf7 Bxf2+ 6. Kf1 Qe7 7. Nxh8 d5 8. exd5 Nd4 9. c3 Bg4 10. Qa4+ Bd7 11. Qa3 Nc2 12. Qxe7+ Kxe7 13. Kxf2 Rxh8 14. Na3 Nxa1 15. b4 Rf8 16. Bb2 Ng4+ 17. Ke1 b5 18. Be2 Nf6 19. Bxa1 Nxd5 20. Bxb5 c6 21. Be2 Nf4 22. g3 Nd5 23. c4 Nxb4 24. Bxe5 Kd8 25. Bd6 Re8 26. Bxb4 1-0


[Site "https://www.chess.com"]

[Event "Titled Tuesday Blitz February 21 Late 2023"]
[White "Hartikainen, Jarmo"]
[Black "Jimenez Garcia, Emmanuel"]
[WhiteFideId "503134"]
[BlackFideId "6504779"]
[WhiteElo "2108"]
[BlackElo "2410"]
[Result "0-1"]
[Round "03"]
[TimeControl "180+2"]
[Date "2023.02.21"]
[WhiteClock "0:00:05"]
[BlackClock "0:00:05"]

1. e4 c6 2. d4 d5 3. Nc3 dxe4 4. Nxe4 Nf6 5. Nxf6+ exf6 6. Bf4 Be6 7. c3 Nd7 8. Bd3 h5 9. Ne2 g5 10. Bd2 h4 11. h3 Nb6 12. b3 f5 13. c4 Bg7 14. Bc3 Qe7 15. Qc2 O-O-O 16. O-O-O f4 17. d5 Bxc3 18. Nxc3 Bd7 19. Bf5 Qa3+ 20. Kb1 Kb8 21. Bxd7 Rxd7 22. dxc6 Rxd1+ 23. Rxd1 bxc6 24. Ne4 Ka8 25. Nxg5 Re8 26. Nxf7 Na4 27. Rd8+ Rxd8 28. Nxd8 Qd6 29. bxa4 Qxd8 30. Qe4 Qb6+ 31. Kc1 Qxf2 32. Qxc6+ Kb8 33. Qb5+ Ka8 34. Qd5+ Kb8 35. Qf3 Qd4 36. Qb3+ Kc7 37. Kc2 Qe4+ 38. Kc3 Qxg2 39. a5 Qf3+ 40. Kb4 Qxb3+ 41. Kxb3 f3 0-1


[Site "https://www.chess.com"]